Map: Überwucherte Anlage

Players

Jeedai - Winner!

  • Race: Protoss Protoss
  • League: Diamond
  • Spawn Location: 9:00

Locke - Winner!

  • Race: Terran Terran
  • League: Platinum
  • Spawn Location: 7:00

Ixtral

  • Race: Protoss Protoss
  • Spawn Location: 1:00

Noran

  • Race: Terran Terran
  • Spawn Location: 3:00

VOD

Have the link to the VOD?

Description

Time

  • Played on: Nov. 19, 2017, 3:09 p.m.
  • Length: 13:39
Show
View Real Time Build Order
Export as new Build Order

Jeedai Protoss - Winner!

Build Orders: Oracle Opening, Phoenix Opening 

Get SALT Encoding   

  12  0:01  Probe  
  13  0:13  Probe  
  14  0:18  Pylon  
  14  0:25  Probe  
  15  0:37  Probe  
  15  0:40  Gateway  
  16  0:45  Assimilator  
  16  0:49  Probe  
  17  0:55  Assimilator  
  17  1:01  Probe  
  18  1:07  Pylon  
  18  1:13  Probe  
  19  1:25  Probe (Chrono Boost)  
  19  1:29  Cybernetics Core  
  20  1:37  Probe (Chrono Boost)  
  20  1:38  Pylon  
  21  1:42  Probe (Chrono Boost)  
  22  1:54  Probe  
  23  2:09  Stargate  
  23  2:16  Shield Battery  
  23  2:20  Warp Gate  
  23  2:33  Nexus  
  23  2:41  Stalker (Chrono Boost)  
  25  2:51  Oracle (Chrono Boost)  
  28  2:59  Pylon  
  28  3:04  Probe  
  29  3:18  Phoenix (Chrono Boost)  
  31  3:22  Probe  
  32  3:27  Assimilator  
  32  3:33  Twilight Council  
  32  3:35  Probe  
  33  3:42  Phoenix  
  35  3:55  Probe x2  
  37  4:07  Probe x2  
  39  4:19  Probe  
  39  4:20  Probe  
  41  4:31  Probe  
  41  4:37  Phoenix (Chrono Boost)  
  41  4:51  Gateway  
  41  4:53  Gateway  
  41  4:55  Gateway  
  41  5:02  Phoenix (Chrono Boost)  
  41  5:06  Probe x2  
  45  5:08  Adept  
  47  5:24  Phoenix  
  47  5:28  Probe x2  
  51  5:32  Pylon  
  51  5:35  Shield Battery  
  51  5:40  Probe x2  
  53  5:46  Phoenix  
  55  6:03  Stalker, Blink (Chrono Boost)  
  57  6:04  Phoenix  
  57  6:11  Stalker x3  
  65  6:20  Probe x2  
  65  6:21  Robotics Facility  
  67  6:29  Phoenix  
  67  6:31  Nexus  
  69  6:34  Probe  
  69  6:39  Assimilator  
  70  7:13  Probe x2  
  70  7:29  Pylon  
  70  7:31  Pylon  
  70  7:34  Pylon x2  
  70  7:36  Shield Battery  
  70  7:38  Pylon  
  70  7:43  Phoenix, Observer, Probe x2  
  70  7:44  Charge  
  75  7:49  Probe  
  75  7:50  Gateway  
  76  7:52  Gateway  
  76  7:55  Probe x2  
  78  8:01  Probe  
  77  8:07  Probe x2  
  77  8:08  Phoenix  
  77  8:10  Stalker x3  
  77  8:12  Warp Prism  
  87  8:13  Probe  
  87  8:19  Probe  
  91  8:21  Probe  
  91  8:25  Shield Battery, Probe  
  93  8:31  Probe  
  93  8:33  Stalker x2, Phoenix, Probe  
  101  8:59  Zealot x4  
  109  9:20  Stalker x4  
  115  9:45  Gateway x2  
  115  9:46  Gateway  
  115  9:47  Gateway  
  115  9:49  Gateway x2, Phoenix (Chrono Boost)  
  117  9:52  Assimilator  
  117  9:53  Protoss Air Weapons Level 1 (Chrono Boost)  
  117  9:55  Immortal  
  117  9:57  Nexus  
  121  10:00  Pylon  
  121  10:02  Pylon  
  121  10:04  Pylon  
  121  10:06  Assimilator, Pylon  
  121  10:20  Zealot x5  
  121  10:21  Zealot  
  85  10:54  Zealot x5  
  85  10:55  Zealot  
  97  10:59  Dark Shrine  
  97  11:07  Templar Archives  
  97  11:10  Pylon  
  97  11:12  Pylon  
  97  11:14  Assimilator  
  97  11:15  Pylon  
  97  11:18  Pylon  
  81  11:19  Stalker, Assimilator  
  81  11:20  Stalker x5  
  81  11:21  Stalker x4  
  101  11:36  Zealot x2  
  105  12:03  Void Ray  
  105  12:05  Probe  
  105  12:06  Probe  
  105  12:07  Probe x2  
  113  12:12  Psionic Storm  
  113  12:17  Probe  
  113  12:18  Dark Templar x5  
  113  12:19  Dark Templar x4, Probe x2  
  113  12:22  Zealot  
  136  12:29  Zealot x2  
  138  12:43  Dark Templar  
  112  12:55  Zealot x4  
  112  12:56  Zealot x3  
  112  12:57  Stalker x2  
  112  12:58  Stalker  
  99  13:12  Zealot  
  93  13:17  Dark Templar x5  
  93  13:19  Zealot  
  103  13:21  High Templar x2  
  103  13:22  High Templar  
  103  13:25  Archon  
  103  13:29  Archon  
Show
View Real Time Build Order
Export as new Build Order

Locke Terran - Winner!

Build Orders: Reaper Expand 

Get SALT Encoding   

  12  0:01  SCV  
  13  0:13  SCV  
  14  0:18  Supply Depot  
  14  0:28  Refinery  
  14  0:29  SCV  
  15  0:42  Barracks  
  15  0:46  SCV  
  16  0:58  SCV  
  16  1:02  Refinery  
  17  1:10  SCV  
  18  1:22  SCV  
  19  1:43  Command Center  
  19  1:45  Reaper  
  20  1:50  SCV  
  21  2:03  Orbital Command  
  21  2:24  Barracks Reactor  
  21  2:27  Factory  
  21  2:29  SCV  
  22  2:41  Supply Depot  
  22  2:50  SCV  
  23  3:02  SCV  
  23  3:14  Barracks Tech Lab  
  23  3:17  Starport  
  23  3:20  Barracks, SCV  
  23  3:22  Orbital Command  
  24  3:31  Cyclone x2  
  24  3:32  SCV  
  31  3:44  SCV  
  31  3:47  Barracks Tech Lab  
  32  3:48  Engineering Bay  
  32  4:01  SCV  
  32  4:02  SCV  
  34  4:12  Barracks Reactor  
  34  4:24  Banshee  
  34  4:25  Factory Tech Lab  
  34  4:29  Marine  
  34  4:30  Marine x2  
  40  4:33  SCV x2  
  40  4:36  Supply Depot  
  42  4:45  Command Center, SCV x2  
  43  4:47  Marine  
  43  4:48  Missile Turret  
  41  5:03  Siege Tank  
  41  5:07  Marine  
  44  5:11  Marine x2  
  44  5:12  SCV x2  
  49  5:18  Refinery  
  49  5:20  Stimpack  
  49  5:24  SCV x2  
  51  5:32  Marauder  
  53  5:36  SCV  
  53  5:42  Supply Depot  
  54  5:43  Supply Depot  
  54  5:53  Refinery  
  54  5:56  Marine x2  
  54  5:57  SCV x2, Hellion  
  60  6:09  SCV x2  
  60  6:10  Missile Turret  
  62  6:15  Medivac  
  62  6:17  Widow Mine  
  66  6:21  SCV x2  
  66  6:23  Marauder  
  70  6:26  Marine x2  
  70  6:31  Starport  
  72  6:33  Missile Turret, SCV x2  
  74  6:45  SCV x2  
  74  6:46  Widow Mine  
  75  6:54  Marine x2  
  75  6:56  Medivac  
  79  7:04  Missile Turret  
  79  7:06  Terran Infantry Weapons Level 1  
  79  7:10  Engineering Bay  
  79  7:13  Fusion Core, SCV x2  
  79  7:14  Widow Mine  
  83  7:16  Starport Tech Lab  
  83  7:17  SCV  
  83  7:21  Refinery  
  84  7:23  Supply Depot  
  84  7:25  SCV  
  84  7:29  Supply Depot  
  85  7:34  Supply Depot  
  85  7:44  SCV x3, Siege Tank  
  85  7:45  Missile Turret  
  85  7:48  Supply Depot  
  91  7:57  SCV x3, Terran Infantry Armor Level 1  
  94  8:01  Armory  
  94  8:04  Battlecruiser  
  100  8:09  SCV x3  
  103  8:21  Sensor Tower, SCV  
  103  8:41  Missile Turret  
  103  8:49  Marine  
  103  8:50  Marine  
  103  8:52  Orbital Command  
  105  8:57  Refinery  
  105  9:08  Battlecruiser  
  111  9:13  Supply Depot  
  110  9:49  Weapon Refit  
  110  9:50  SCV x3  
  113  10:01  Command Center  
  113  10:02  SCV x3  
  113  10:06  Supply Depot x3  
  110  10:30  Supply Depot  
  110  10:31  Missile Turret  
  110  10:33  Missile Turret  
  110  10:35  Marine x3  
  113  10:47  Siege Tank  
  113  10:48  Battlecruiser  
  122  10:53  Marine x3  
  122  10:54  Missile Turret x2  
  125  10:59  SCV  
  125  11:00  Supply Depot, SCV  
  125  11:02  Terran Ship Weapons Level 1  
  133  11:04  Battlecruiser  
  133  11:08  SCV, High Capacity Fuel Tanks  
  133  11:11  SCV, Marine x3  
  138  11:19  Siege Tank  
  138  11:20  SCV x2  
  138  11:24  SCV  
  144  11:25  Supply Depot  
  144  11:29  Supply Depot, Refinery, Missile Turret, Marine  
  144  11:31  Refinery  
  145  11:42  Marine  
  146  11:51  Marine, Siege Tank  
  146  11:52  Starport, Marine  
  146  11:53  Battlecruiser  
  157  11:56  Supply Depot  
  157  12:00  Marine  
  158  12:09  Marine x2  
  160  12:19  Marauder  
  162  12:27  Siege Tank  
  165  12:31  Medivac  
  165  12:34  Missile Turret  
  159  12:54  Supply Depot  
Show
View Real Time Build Order
Export as new Build Order

Ixtral Protoss 

Build Orders: Phoenix Opening 

Get SALT Encoding   

  12  0:01  Probe (Chrono Boost)  
  13  0:13  Probe (Chrono Boost)  
  14  0:23  Probe  
  15  0:41  Pylon  
  15  0:59  Probe  
  16  1:06  Gateway  
  16  1:11  Probe  
  17  1:24  Nexus  
  17  1:26  Probe (Chrono Boost)  
  17  1:31  Assimilator  
  18  1:35  Assimilator  
  18  1:38  Probe (Chrono Boost)  
  19  1:55  Cybernetics Core  
  19  1:59  Gateway  
  19  2:18  Pylon  
  19  2:19  Probe (Chrono Boost)  
  21  2:31  Warp Gate, Probe (Chrono Boost)  
  21  2:33  Stalker  
  23  2:38  Probe  
  23  2:40  Probe  
  25  2:49  Stalker  
  27  2:56  Stargate  
  27  3:02  Probe x2  
  29  3:16  Stalker  
  29  3:19  Stalker  
  33  3:24  Probe (Chrono Boost)  
  33  3:26  Assimilator  
  35  3:32  Probe (Chrono Boost)  
  35  3:39  Probe (Chrono Boost), Twilight Council  
  36  3:45  Pylon  
  37  3:50  Probe x2 (Chrono Boost)  
  38  3:59  Phoenix  
  40  4:04  Stalker  
  40  4:09  Stalker  
  44  4:13  Probe  
  44  4:14  Probe  
  46  4:33  Phoenix  
  46  5:02  Stalker x2  
  50  5:07  Blink (Chrono Boost)  
  50  5:11  Gateway  
  50  5:13  Gateway  
  52  5:14  Probe (Chrono Boost)  
  52  5:15  Gateway, Probe (Chrono Boost)  
  52  5:18  Pylon  
  52  5:22  Assimilator  
  52  5:35  Phoenix  
  49  5:57  Stalker  
  49  5:58  Stalker  
  53  6:04  Gateway  
  53  6:07  Gateway  
  53  6:10  Gateway  
  53  6:11  Pylon  
  51  6:14  Forge  
  51  6:16  Forge  
  51  6:19  Probe  
  52  6:26  Pylon  
  52  6:30  Probe  
  52  6:31  Probe  
  54  6:43  Robotics Facility  
  54  6:44  Probe  
  54  6:45  Probe  
  56  6:47  Pylon  
  56  6:50  Photon Cannon  
  53  6:59  Probe (Chrono Boost)  
  51  7:06  Probe (Chrono Boost)  
  50  7:11  Probe (Chrono Boost)  
  50  7:15  Probe x2 (Chrono Boost)  
  51  7:24  Probe  
  51  7:26  Probe  
  53  7:37  Probe  
  53  7:38  Probe  
  53  7:40  Protoss Ground Armor Level 1, Protoss Ground Weapons Level 1  
  56  7:44  Observer  
  49  8:10  Photon Cannon  
  49  8:13  Photon Cannon  
  49  8:14  Probe (Chrono Boost)  
  49  8:15  Pylon  
  51  8:24  Probe (Chrono Boost)  
  51  8:34  Stalker x2  
  53  8:53  Stalker x2  
  57  9:01  Probe (Chrono Boost)  
  57  9:02  Templar Archives  
  58  9:03  Probe (Chrono Boost)  
  58  9:27  Stalker x3  
  64  9:57  Psionic Storm  
  64  10:02  High Templar x3  
  64  10:03  High Templar  
  70  10:09  Archon x2  
  58  10:50  Dark Shrine  
  58  10:51  Probe x2  
  60  11:12  High Templar x3  
  60  11:17  Nexus  
  66  11:19  Probe (Chrono Boost)  
  66  11:21  Probe (Chrono Boost)  
  68  11:37  Nexus  
  68  11:59  Stalker x3  
  74  12:26  Observer  
  41  13:25  Stalker x4  
  41  13:26  Stalker x3  
Show
View Real Time Build Order
Export as new Build Order

Noran Terran 

Build Orders: Command Center First (CC), MMM Bio 

Get SALT Encoding   

  12  0:01  SCV  
  13  0:17  Supply Depot  
  13  0:19  SCV  
  14  0:31  SCV  
  15  0:48  SCV  
  16  1:00  SCV  
  17  1:09  Command Center  
  17  1:14  SCV  
  18  1:25  Barracks  
  18  1:26  SCV  
  19  1:38  SCV  
  20  1:47  Supply Depot  
  20  1:51  SCV  
  21  1:55  Refinery  
  21  1:57  Refinery  
  21  2:03  SCV  
  22  2:12  Marine  
  22  2:13  Barracks  
  22  2:15  Orbital Command  
  23  2:29  Orbital Command  
  23  2:33  Marine  
  24  2:45  Factory  
  24  2:50  SCV  
  25  2:53  Barracks Reactor  
  25  3:02  SCV  
  26  3:09  Marine  
  27  3:14  Supply Depot, SCV  
  27  3:15  SCV  
  29  3:27  Supply Depot  
  29  3:28  Barracks Tech Lab  
  29  3:30  Factory Tech Lab  
  29  3:39  SCV x2  
  31  3:43  Starport, Marine x2  
  31  3:47  Stimpack  
  33  3:51  SCV x2  
  33  3:54  Refinery  
  35  4:02  Marine x3  
  38  4:03  SCV x2  
  38  4:09  Engineering Bay  
  40  4:14  Refinery  
  40  4:15  SCV x2  
  36  4:27  SCV  
  34  4:42  Missile Turret  
  34  4:45  Marine x3  
  37  4:46  Siege Tank  
  37  4:49  Missile Turret  
  40  5:04  SCV  
  41  5:15  Starport Reactor  
  41  5:16  SCV  
  41  5:17  Terran Infantry Weapons Level 1, SCV  
  43  5:22  Barracks  
  43  5:24  Barracks  
  43  5:28  SCV  
  44  5:29  SCV  
  45  5:36  Engineering Bay  
  45  5:40  SCV  
  45  5:41  SCV  
  47  5:51  Medivac x2  
  47  5:52  SCV  
  47  5:54  SCV  
  53  6:01  Missile Turret  
  53  6:04  Missile Turret  
  53  6:07  Missile Turret  
  53  6:09  Missile Turret, SCV x2  
  55  6:12  Barracks Reactor, Barracks Tech Lab  
  55  6:18  Supply Depot, Terran Infantry Armor Level 1  
  55  6:21  SCV x2  
  57  6:27  Combat Shields  
  57  6:30  Concussive Shells  
  56  6:56  Marine x5  
  56  6:57  Marine  
  62  7:08  Viking x2  
  66  7:13  Command Center  
  66  7:17  Starport, Marine x4  
  66  7:22  Supply Depot, Marine  
  71  7:32  Armory  
  71  7:55  Marine x4  
  75  8:02  Marauder, Starport Reactor  
  77  8:08  Marine  
  77  8:10  Supply Depot  
  78  8:13  Marine x3  
  81  8:22  Marine x2  
  81  8:26  Marine  
  84  8:31  Marine  
  70  8:41  Orbital Command  
  70  8:45  Missile Turret, Marine x5  
  75  8:48  Marine  
  75  8:55  Terran Infantry Weapons Level 2  
  72  8:56  Terran Infantry Armor Level 2  
  72  9:00  Terran Vehicle And Ship Armor Level 1  
  72  9:01  Barracks x2  
  72  9:03  Marine x4  
  75  9:18  SCV  
  75  9:23  SCV  
  75  9:24  SCV  
  68  9:36  SCV x2  
  63  9:43  Medivac  
  63  9:44  Medivac x2  
  63  9:45  Marine x6  
  69  9:52  Siege Tank  
  76  10:04  Marauder x2, Barracks Tech Lab x2  
  76  10:06  Marine x4  
  66  11:22  SCV x2  
  68  11:29  Siege Tank  
  68  11:30  Marauder  
  68  11:31  Marauder x3  
  79  11:34  SCV  
  79  11:35  SCV  
  81  11:40  Medivac x4  
  81  11:47  SCV x2  
  91  12:00  Command Center  
  91  12:06  Marauder  
  93  12:11  Supply Depot  
  93  12:13  Supply Depot  
  93  12:24  Marauder  
  66  12:58  Marauder x3, Marine x5  
  53  13:15  Marine  
  53  13:16  Marine x4  
Tags
 
Add a new tag
Caveats
  • Supply blocks, unpowered buildings, or Contaminate may cause inaccurate times.
  • Supply counts are checked every 10 seconds.